TOP OF THE 1ST |
Boston Red Sox batting - Pitching for Toronto Blue Jays : RHP Justin Sedivy
|
Pitching: RHP Justin Sedivy
|
|
Batting: RHB Alois Wollf
|
0-0: Called Strike 0-1: Ball 1-1: Foul Ball, location: 2F 1-2: Ball 2-2: Ball 3-2: Strikes out swinging
|
Batting: RHB Cesar Breceda
|
0-0: Foul Ball, location: 2F 0-1: Bunt missed! 0-2: SINGLE (Line Drive, 89M, EV 109.4 MPH)
|
Batting: LHB Kevin McCormic Jr.
|
0-0: Foul Ball, location: 2F 0-1: Ball 1-1: Ball 2-1: Fly out, F8 (Flyball, 78D, EV 103.8 MPH)
|
Batting: RHB David Price Jr.
|
0-0: Called Strike 0-1: Ball 1-1: Ball 2-1: SINGLE (Groundball, 6S, EV 68.1 MPH) (infield hit) Cesar Breceda to second
|
Batting: LHB Bob Branham
|
0-0: Called Strike 0-1: Ground out U3 (Groundball, 3, EV 110.6 MPH)
|
Top of the 1st over - 0 runs, 2 hits, 0 errors, 2 left on base; Boston 0 - Toronto 0 |
BOTTOM OF THE 1ST |
Toronto Blue Jays batting - Pitching for Boston Red Sox : RHP Reece Nichols
|
Pitching: RHP Reece Nichols
|
|
Batting: RHB Danny Burnside
|
0-0: Foul Ball, location: 2F 0-1: Called Strike 0-2: Ground out 1-3 (Groundball, 23, EV 63.8 MPH)
|
Batting: LHB Michael Byrd
|
0-0: Foul Ball, location: 2F 0-1: Ball 1-1: Ground out U3 (Groundball, 34, EV 103.1 MPH)
|
Batting: LHB Jon Schick
|
0-0: SINGLE (Flyball, 89S, EV 96.9 MPH)
|
Batting: LHB Willis Robles
|
0-0: Ball 1-0: Foul Ball, location: 2F 1-1: Swinging Strike 1-2: Ball 2-2: Foul Ball, location: 2F 2-2: Foul Ball, location: 2F 2-2: Strikes out swinging
|
Bottom of the 1st over - 0 runs, 1 hit, 0 errors, 1 left on base; Boston 0 - Toronto 0 |
TOP OF THE 2ND |
Boston Red Sox batting - Pitching for Toronto Blue Jays : RHP Justin Sedivy
|
Batting: LHB Jarrett Mordecai
|
0-0: Called Strike 0-1: Ball 1-1: Foul Ball, location: 2F 1-2: Ball 2-2: Strikes out swinging
|
Batting: RHB Nick Esteves
|
0-0: Foul Ball, location: 2F 0-1: Ball 1-1: Swinging Strike 1-2: Ball 2-2: Strikes out swinging
|
Batting: SHB Greg Shaw
|
0-0: SINGLE (Line Drive, 78M, EV 91.9 MPH)
|
Batting: LHB Tim Fuller
|
0-0: Foul Ball, location: 2F 0-1: Called Strike 0-2: Strikes out looking
|
Top of the 2nd over - 0 runs, 1 hit, 0 errors, 1 left on base; Boston 0 - Toronto 0 |
BOTTOM OF THE 2ND |
Toronto Blue Jays batting - Pitching for Boston Red Sox : RHP Reece Nichols
|
Batting: RHB Brock Van Gilder
|
0-0: Fly out, F7 (Flyball, 7LS, EV 73.8 MPH)
|
Batting: RHB David Casas
|
0-0: Ground out 5-3 (Groundball, 56S, EV 83.1 MPH)
|
Batting: LHB Nate Dean
|
0-0: DOUBLE (Line Drive, 78D, EV 115.0 MPH)
|
Batting: RHB Donny Burnside
|
0-0: SINGLE (Groundball, 6D, EV 97.5 MPH) Nate Dean to third Runner from 3rd tries for Home, throw by CF and OUT! 8-2
|
Bottom of the 2nd over - 0 runs, 2 hits, 0 errors, 1 left on base; Boston 0 - Toronto 0 |
TOP OF THE 3RD |
Boston Red Sox batting - Pitching for Toronto Blue Jays : RHP Justin Sedivy
|
Batting: RHB Alois Wollf
|
0-0: Called Strike 0-1: Swinging Strike 0-2: Ball 1-2: Strikes out looking
|
Batting: RHB Cesar Breceda
|
0-0: Called Strike 0-1: Foul Ball, location: 2F 0-2: Ball 1-2: Ball 2-2: SINGLE (Groundball, 5D, EV 103.1 MPH)
|
Batting: LHB Kevin McCormic Jr.
|
0-0: Swinging Strike 0-1: Ball 1-1: Ball 2-1: Ball 3-1: Foul Ball, location: 2F 3-2: Foul Ball, location: 2F 3-2: Base on Balls Cesar Breceda to second
|
Batting: RHB David Price Jr.
|
0-0: Ball 1-0: Ball 2-0: Called Strike 2-1: Ball 3-1: Foul Ball, location: 2F 3-2: Strikes out swinging
|
Batting: LHB Bob Branham
|
0-0: Called Strike 0-1: Swinging Strike 0-2: Strikes out looking
|
Top of the 3rd over - 0 runs, 1 hit, 0 errors, 2 left on base; Boston 0 - Toronto 0 |
BOTTOM OF THE 3RD |
Toronto Blue Jays batting - Pitching for Boston Red Sox : RHP Reece Nichols
|
Batting: RHB Kirk Arp
|
0-0: Ball 1-0: Foul Ball, location: 2F 1-1: Called Strike 1-2: Ball 2-2: Ball 3-2: Foul Ball, location: 2F 3-2: Foul Ball, location: 2F 3-2: Ground out 6-3 (Groundball, 6S, EV 85.6 MPH)
|
Batting: RHB Danny Burnside
|
0-0: Ball 1-0: Ball 2-0: Called Strike 2-1: SINGLE (Flyball, 9S, EV 90.6 MPH)
|
Batting: LHB Michael Byrd
|
0-0: Ball 1-0: Called Strike 1-1: Foul Ball, location: 2F 1-2: Fly out, F7 (Flyball, 78M, EV 94.4 MPH)
|
Batting: LHB Jon Schick
|
0-0: Ball 1-0: Called Strike Danny Burnside steals 2nd, throwing error, E2 Danny Burnside to third 1-1: SINGLE (Line Drive, 56D, EV 95.6 MPH) Danny Burnside scores
|
Batting: LHB Willis Robles
|
0-0: Called Strike 0-1: Called Strike 0-2: Ball 1-2: Foul Ball, location: 2F 1-2: Ball 2-2: Foul Ball, location: 2F 2-2: Ball 3-2: Base on Balls Jon Schick to second
|
Batting: RHB Brock Van Gilder
|
0-0: Foul Ball, location: 2F 0-1: Ball 1-1: Fly out, F7 (Flyball, 78M, EV 76.9 MPH)
|
Bottom of the 3rd over - 1 run, 2 hits, 1 error, 2 left on base; Boston 0 - Toronto 1 |
TOP OF THE 4TH |
Boston Red Sox batting - Pitching for Toronto Blue Jays : RHP Justin Sedivy
|
Batting: LHB Jarrett Mordecai
|
0-0: Called Strike 0-1: Swinging Strike 0-2: Ball 1-2: Strikes out swinging
|
Batting: RHB Nick Esteves
|
0-0: Called Strike 0-1: Ground out 5-3 (Groundball, 56, EV 90.6 MPH)
|
Batting: SHB Greg Shaw
|
0-0: Ball 1-0: Ball 2-0: Fly out, F9 (Flyball, 9LM, EV 83.8 MPH)
|
Top of the 4th over - 0 runs, 0 hits, 0 errors, 0 left on base; Boston 0 - Toronto 1 |
BOTTOM OF THE 4TH |
Toronto Blue Jays batting - Pitching for Boston Red Sox : RHP Reece Nichols
|
Batting: RHB David Casas
|
0-0: Ball 1-0: Foul Ball, location: 2F 1-1: Foul Ball, location: 2F 1-2: Ball 2-2: Ground out 6-3 (Groundball, 6MD, EV 101.9 MPH)
|
Batting: LHB Nate Dean
|
0-0: Called Strike 0-1: Ground out 6-3 (Groundball, 6M, EV 99.4 MPH)
|
Batting: RHB Donny Burnside
|
0-0: Called Strike 0-1: Ball 1-1: Called Strike 1-2: Ground out 4-3 (Groundball, 4, EV 100.0 MPH)
|
Bottom of the 4th over - 0 runs, 0 hits, 0 errors, 0 left on base; Boston 0 - Toronto 1 |
TOP OF THE 5TH |
Boston Red Sox batting - Pitching for Toronto Blue Jays : RHP Justin Sedivy
|
Batting: LHB Tim Fuller
|
0-0: Ball 1-0: Ball 2-0: SINGLE (Line Drive, 4M, EV 95.0 MPH)
|
Batting: RHB Alois Wollf
|
0-0: Ball 1-0: Ball 2-0: Foul Ball, location: 2F 2-1: Foul Ball, location: 2F 2-2: Foul Ball, location: 2F 2-2: Fielders Choice at 2nd, 4-6 (Groundball, 4, EV 79.4 MPH)
|
Batting: RHB Cesar Breceda
|
0-0: Ball 1-0: Fly out, F9 (Flyball, 9D, EV 91.9 MPH)
|
Batting: LHB Kevin McCormic Jr.
|
0-0: Called Strike 0-1: Ball 1-1: Swinging Strike 1-2: Ball 2-2: Ball 3-2: Strikes out swinging
|
Top of the 5th over - 0 runs, 1 hit, 0 errors, 1 left on base; Boston 0 - Toronto 1 |
BOTTOM OF THE 5TH |
Toronto Blue Jays batting - Pitching for Boston Red Sox : RHP Reece Nichols
|
Batting: RHB Kirk Arp
|
0-0: SOLO HOME RUN (Flyball, 7D, EV 93.8 MPH), Distance : 374 ft
|
Batting: RHB Danny Burnside
|
0-0: Foul Ball, location: 2F 0-1: Ground out 1-3 (Groundball, 13S, EV 68.1 MPH)
|
Batting: LHB Michael Byrd
|
0-0: Ground out 5-3 (Groundball, 56, EV 103.1 MPH)
|
Batting: LHB Jon Schick
|
0-0: Ground out 6-3 (Groundball, 4MS, EV 85.0 MPH)
|
Bottom of the 5th over - 1 run, 1 hit, 0 errors, 0 left on base; Boston 0 - Toronto 2 |
TOP OF THE 6TH |
Boston Red Sox batting - Pitching for Toronto Blue Jays : RHP Justin Sedivy
|
Pitching: LHP Mario Amore
|
|
Batting: RHB David Price Jr.
|
0-0: Called Strike 0-1: Ball 1-1: Called Strike 1-2: Ball 2-2: Ball 3-2: Fly out, F9 (Line Drive, 9S, EV 88.8 MPH)
|
Batting: RHB Dan Friess
|
0-0: Swinging Strike 0-1: Swinging Strike 0-2: Ball 1-2: Strikes out swinging
|
Batting: LHB Jarrett Mordecai
|
0-0: Called Strike 0-1: Ball 1-1: Swinging Strike 1-2: Ball 2-2: Strikes out swinging
|
Top of the 6th over - 0 runs, 0 hits, 0 errors, 0 left on base; Boston 0 - Toronto 2 |
BOTTOM OF THE 6TH |
Toronto Blue Jays batting - Pitching for Boston Red Sox : RHP Reece Nichols
|
Batting: LHB Willis Robles
|
0-0: Ball 1-0: Called Strike 1-1: Ball 2-1: Ground out 5-3 (Groundball, 56, EV 83.1 MPH)
|
Batting: RHB Brock Van Gilder
|
0-0: Called Strike 0-1: Ground out 5-3 (Groundball, 56, EV 90.6 MPH)
|
Batting: RHB David Casas
|
0-0: Called Strike 0-1: Swinging Strike 0-2: Ball 1-2: Ball 2-2: Strikes out looking
|
Bottom of the 6th over - 0 runs, 0 hits, 0 errors, 0 left on base; Boston 0 - Toronto 2 |
TOP OF THE 7TH |
Boston Red Sox batting - Pitching for Toronto Blue Jays : LHP Mario Amore
|
Batting: RHB Nick Esteves
|
0-0: Foul Ball, location: 2F 0-1: Ball 1-1: Ball 2-1: Ground out 5-3 (Groundball, 56S, EV 82.5 MPH)
|
Batting: SHB Greg Shaw
|
0-0: Foul Ball, location: 2F 0-1: Ground out 5-3 (Groundball, 5, EV 83.8 MPH)
|
Pinch Hitting: SHB Willie Koviak
|
0-0: Foul Ball, location: 2F 0-1: Ball 1-1: Ball 2-1: Called Strike 2-2: Ball 3-2: Strikes out swinging
|
Top of the 7th over - 0 runs, 0 hits, 0 errors, 0 left on base; Boston 0 - Toronto 2 |
BOTTOM OF THE 7TH |
Toronto Blue Jays batting - Pitching for Boston Red Sox : RHP Reece Nichols
|
Now at 2B: Willie Koviak
|
|
Batting: LHB Nate Dean
|
0-0: Ball 1-0: Ball 2-0: Called Strike 2-1: Swinging Strike 2-2: Ground out 4-3 (Groundball, 4M, EV 85.6 MPH)
|
Batting: RHB Donny Burnside
|
0-0: SINGLE (Line Drive, 34, EV 99.4 MPH)
|
Batting: RHB Kirk Arp
|
0-0: Called Strike Donny Burnside is caught stealing 2nd base 2-4 0-1: Foul Ball, location: 2F 0-2: Foul Ball, location: 2F 0-2: Fly out, F8 (Flyball, 8RD, EV 82.5 MPH)
|
Bottom of the 7th over - 0 runs, 1 hit, 0 errors, 0 left on base; Boston 0 - Toronto 2 |
TOP OF THE 8TH |
Boston Red Sox batting - Pitching for Toronto Blue Jays : LHP Mario Amore
|
Pitching: RHP Hoof Harted
|
|
Batting: RHB Alois Wollf
|
0-0: Ball 1-0: Called Strike 1-1: Swinging Strike 1-2: Ball 2-2: Strikes out swinging
|
Batting: RHB Cesar Breceda
|
0-0: Called Strike 0-1: Ball 1-1: Ball 2-1: Ball 3-1: SOLO HOME RUN (Flyball, 78XD, EV 106.9 MPH), Distance : 432 ft
|
Batting: LHB Kevin McCormic Jr.
|
0-0: Foul Ball, location: 2F 0-1: Swinging Strike 0-2: Ball 1-2: Strikes out looking
|
Batting: RHB David Price Jr.
|
0-0: Foul Ball, location: 2F 0-1: Ball 1-1: Ground out 6-3 (Groundball, 6, EV 81.9 MPH)
|
Top of the 8th over - 1 run, 1 hit, 0 errors, 0 left on base; Boston 1 - Toronto 2 |
BOTTOM OF THE 8TH |
Toronto Blue Jays batting - Pitching for Boston Red Sox : RHP Reece Nichols
|
Batting: RHB Danny Burnside
|
0-0: Called Strike 0-1: Fly out, F8 (Flyball, 8LD, EV 91.9 MPH)
|
Batting: LHB Michael Byrd
|
0-0: Ball 1-0: SINGLE (Groundball, 3D, EV 98.8 MPH)
|
Batting: LHB Jon Schick
|
0-0: Ball 1-0: Ball Michael Byrd is caught stealing 2nd base 2-6 2-0: TRIPLE (Line Drive, 89XD, EV 106.2 MPH)
|
Batting: LHB Willis Robles
|
0-0: Called Strike 0-1: Swinging Strike 0-2: Strikes out looking
|
Bottom of the 8th over - 0 runs, 2 hits, 0 errors, 1 left on base; Boston 1 - Toronto 2 |
TOP OF THE 9TH |
Boston Red Sox batting - Pitching for Toronto Blue Jays : RHP Hoof Harted
|
Now at C: Dylan Novakowski
|
|
Batting: SHB Marvin Lawrence
|
0-0: Ball 1-0: Swinging Strike 1-1: Ball 2-1: Ball 3-1: Called Strike 3-2: Fly out, F2 (Popup, 5SF, EV 80.6 MPH)
|
Batting: LHB Jarrett Mordecai
|
0-0: Ball 1-0: Ball 2-0: Called Strike 2-1: Foul Ball, location: 2F 2-2: Ball 3-2: Base on Balls
|
Batting: RHB Nick Esteves
|
0-0: Called Strike 0-1: Foul Ball, location: 2F 0-2: Strikes out looking
|
Batting: SHB Greg Shaw
|
0-0: Ground out 4-3 (Groundball, 34D, EV 98.1 MPH)
|
Top of the 9th over - 0 runs, 0 hits, 0 errors, 1 left on base; Boston 1 - Toronto 2 |
|